 Dungeon Crawl Stone Soup version 0.19.0-20-gbc5f0c6 (webtiles) character file.

140 tv1990 the Conjurer (level 5, 0/35 HPs)
             Began as a Formicid Conjurer on Nov 16, 2016.
             Slain by a gnoll (2 damage)
             ... on level 3 of the Dungeon.
             The game lasted 00:09:31 (3411 turns).

tv1990 the Conjurer (Formicid Conjurer)             Turns: 3411, Time: 00:09:31

Health: 0/35       AC:  3    Str: 12    XL:     5   Next: 47%
Magic:  4/10       EV: 12    Int: 16    God:
Gold:   61         SH:  0    Dex: 11    Spells: 3 memorised, 2 levels left

rFire  + . .     SeeInvis +     t - +0 short sword
rCold  x . .     Gourm    .     a - +0 robe
rNeg   . . .     Faith    .     (no shield)
rPois  .         Spirit   .     (helmet unavailable)
rElec  .         Reflect  .     (no cloak)
rCorr  .         Harm     .     i - +0 pair of gloves
MR     .....                    (no boots)
Stlth  ++........               (no amulet)
                                (no ring)
                                l - ring of fire

@: no status effects
A: permanent stasis, dig shafts and tunnels, four strong arms, antennae 3
a: Dig, Shaft Self


You were on level 3 of the Dungeon.
You were very hungry.

You visited 1 branch of the dungeon, and saw 3 of its levels.

You collected 61 gold pieces.

Inventory:

Hand Weapons
 e - a +0 dagger
 q - a +0 mace
 t - a +0 short sword (weapon)
Armour
 a - a +0 robe (worn)
 i - a +0 pair of gloves (worn)
Jewellery
 l - a ring of fire (left hand)
Wands
 s - a wand of lightning (10/15)
Potions
 f - a potion of curing
 p - a potion of flight
Books
 b - a book of Conjurations

   Spells                             Type                      Level
   a - Magic Dart                     Conjuration                  1
   b - Searing Ray                    Conjuration                  2
   c - Dazzling Spray                 Conjuration/Hexes            3
   d - Fulminant Prism                Conjuration/Hexes            4
   e - Iskenderun's Mystic Blast      Conjuration                  4
   f - Iskenderun's Battlesphere      Conjuration/Charms           5
Comestibles
 c - 3 bread rations
 m - 2 meat rations
 r - a slice of pizza


   Skills:
 - Level 1.7 Dodging
 - Level 2.4 Stealth
 + Level 3.4 Spellcasting
 * Level 5.0 Conjurations
 + Level 1.0 Hexes


You had 2 spell levels left.
You knew the following spells:

 Your Spells              Type           Power        Failure   Level  Hunger
a - Magic Dart            Conj           ###.         2%          1    None
b - Dazzling Spray        Conj/Hex       ##....       17%         3    ###....
c - Fulminant Prism       Conj/Hex       ##........   63%         4    ####...


Dungeon Overview and Level Annotations

Branches:
Dungeon (3/15)

Altars:
Gozag
Kikubaaqudgha
Nemelex Xobeh


Innate Abilities, Weirdness & Mutations

You are under a permanent stasis effect.
You can dig through walls and to a lower floor.
Your four strong arms can wield two-handed weapons with a shield.
You have a pair of large antennae on your head. (SInv)


Message History

Aiming: Magic Dart
Press: ? - help, Shift-Dir - straight line, f/p - gnoll
Aim: a gnoll (moderately wounded)
The magic dart hits the gnoll.
The gnoll is severely wounded.
The gnoll closely misses you.
It has a very clean taste.
You feel slightly disoriented.
You feel frail.
Your magical essence is no longer linked to your wands.
The gnoll hits you.
* * * LOW HITPOINT WARNING * * *
You barely miss the gnoll.
The gnoll is severely wounded.
The gnoll barely misses you.
You hit the gnoll but do no damage.
The gnoll is severely wounded.
The gnoll hits you!
* * * LOW HITPOINT WARNING * * *
The gnoll hits you.
You die...

###
..#############
..............#
#..##########.#
#..# #.### ..>#
#.#g## #.##
#..#@# #.#
#.#### #.# #g#
#.#* #.# ...
#.# ..# *#g#
#.# ..., ., ,
** ..., . , ,
{...


You could see a gnoll.

Vanquished Creatures
  Terence (D:3)
  A gnoll (D:3)
  3 adders
  An ooze (D:1)
  5 worms
  A dart slug (D:1)
  An orc (D:3)
  11 giant cockroaches
  3 goblins
  5 hobgoblins
  4 jackals
  4 bats
  3 frilled lizards
  7 kobolds
  7 rats
57 creatures vanquished.

Notes
Turn   | Place    | Note
-------+----------+-------------------------------------------
     0 | D:1      | tv1990 the Formicid Conjurer began the quest for the Orb.
     0 | D:1      | Reached XP level 1. HP: 13/13 MP: 3/3
   224 | D:1      | Found a sparkling altar of Nemelex Xobeh.
   262 | D:1      | Reached XP level 2. HP: 19/19 MP: 3/5
   401 | D:1      | Reached skill level 4 in Conjurations
   822 | D:1      | Reached XP level 3. HP: 24/24 MP: 1/6
   912 | D:2      | Found an ancient bone altar of Kikubaaqudgha.
  1813 | D:2      | Reached XP level 4. HP: 30/30 MP: 0/8
  1906 | D:2      | Found an opulent altar of Gozag.
  2394 | D:2      | Learned a level 3 spell: Dazzling Spray
  2399 | D:2      | Learned a level 4 spell: Fulminant Prism
  3024 | D:3      | Noticed Terence
  3073 | D:3      | HP: 1/30 [Terence/hand axe (8)]
  3091 | D:3      | Killed Terence
  3091 | D:3      | Reached XP level 5. HP: 16/35 MP: 3/10
  3100 | D:3      | Reached skill level 5 in Conjurations
  3321 | D:3      | Reached skill level 1 in Hexes
  3398 | D:3      | Gained mutation: You are robust. (+10% HP) [potion of mutation]
  3398 | D:3      | Gained mutation: You expend magic power (3 MP) to strengthen your wands. [potion of mutation]
  3398 | D:3      | Gained mutation: You passively map a small area around you. [potion of mutation]
  3409 | D:3      | Lost mutation: You passively map a small area around you. [potion of cure mutation]
  3409 | D:3      | Lost mutation: You are robust. (+10% HP) [potion of cure mutation]
  3409 | D:3      | Lost mutation: You expend magic power (3 MP) to strengthen your wands. [potion of cure mutation]
  3411 | D:3      | Slain by a gnoll

Skill      XL: |  1  2  3  4  5 |
---------------+----------------+-----
Conjurations   | 4 5 |  5.0
Spellcasting   | 3 |  3.4
Hexes          | 1 |  1.0
Dodging        | |  1.7
Stealth        | |  2.4

Action                   |  1- 3 |  4- 6 || total
-------------------------+-------+-------++-------
Melee: Dagger            |     6 |       ||     6
       Unarmed           |     1 |       ||     1
       Mace              |     6 |       ||     6
       Short sword       |       |    86 ||    86
 Cast: Magic Dart        |    84 |    93 ||   177
 Abil: Dig               |       |     3 ||     3
  Use: Scroll            |     6 |     3 ||     9
       Potion            |       |    12 ||    12
 Stab: Sleeping          |       |     1 ||     1
  Eat: Chunk             |     4 |     4 ||     8
Armor: Robe              |     2 |    10 ||    12
       Skin              |       |    24 ||    24
Dodge: Dodged            |     7 |    62 ||    69

Vault maps used:
D:1:      elethiomel_arrival_infinity_welcomes_careful_drivers, st_stairs_7,
          nemelex_altar_shiori
D:2:      minmay_roachtagon, nicolae_overflow_crystal_walls,
          lemuel_doored_altar, first_bread, corexii_shack,
          kennysheep_generic_room_5
D:3:      portal_sewer_entry_f, uniq_terence
